Map: Tokamak LE

Players

ManlyManMeat - Winner!

  • Race: Zerg Zerg
  • League: Diamond
  • Spawn Location: 7:00

JaddNS

  • Race: Zerg Zerg
  • League: Diamond
  • Spawn Location: 1:00

VOD

Have the link to the VOD?

Description

Time

  • Played on: July 2, 2025, 12:09 p.m.
  • Length: 8:44
Show
View Real Time Build Order
Export as new Build Order

ManlyManMeat Zerg - Winner!

Build Orders: Hatch First 

Get SALT Encoding   

  12  0:00  Drone  
  13  0:09  Drone  
  14  0:15  Drone, Extractor  
  15  0:21  Overlord  
  15  0:40  Drone  
  16  0:47  Hatchery  
  15  0:50  Drone  
  15  0:54  Drone  
  17  0:57  Drone  
  18  1:08  Extractor  
  17  1:13  Spawning Pool  
  17  1:16  Drone  
  17  1:19  Drone  
  18  1:29  Drone  
  19  1:37  Drone  
  20  1:51  Overlord  
  20  2:00  Queen x2  
  24  2:03  Zergling x2  
  24  2:05  Zergling x2  
  26  2:10  Metabolic Boost  
  26  2:15  Drone  
  27  2:17  Drone  
  28  2:27  Drone x2  
  30  2:40  Drone  
  30  2:41  Drone  
  32  2:47  Hatchery  
  31  2:53  Baneling Nest  
  30  3:08  Drone x6  
  36  3:18  Overlord x2  
  35  3:24  Zergling x2  
  36  3:35  Evolution Chamber  
  35  3:41  Zergling x4  
  35  3:42  Zergling x10  
  35  3:48  Zergling x8  
  45  3:51  Baneling  
  45  3:52  Baneling x2  
  45  3:54  Zergling x2  
  46  4:10  Zergling x2  
  46  4:11  Zergling x4  
  49  4:25  Zergling x10  
  49  4:29  Zergling x8  
  58  4:34  Baneling  
  58  4:35  Baneling  
  58  4:36  Baneling  
  58  4:39  Overlord x2  
  57  4:50  Zergling x12  
  54  5:01  Zergling x8  
  54  5:03  Baneling x2  
  52  5:14  Zergling x12  
  52  5:20  Zergling x2  
  54  5:23  Zergling x2  
  54  5:28  Queen  
  56  5:38  Zergling x10  
  61  5:49  Zergling x6  
  63  5:56  Baneling x3  
  62  5:57  Baneling x3  
  62  5:58  Roach Warren, Baneling  
  62  6:00  Overlord x2  
  62  6:01  Zergling x8  
  64  6:39  Zergling x4  
  69  6:40  Zergling x24  
  71  6:48  Zergling x2, Baneling x4  
  71  6:50  Baneling x3  
  66  7:02  Roach x7  
  66  7:07  Zergling x2  
  76  7:20  Zergling x6, Roach x2  
  78  7:29  Zergling x4, Roach  
  82  7:38  Extractor  
  81  7:54  Baneling  
  81  7:55  Baneling  
Show
View Real Time Build Order
Export as new Build Order

JaddNS Zerg 

Build Orders: Hatch First 

Get SALT Encoding   

  12  0:00  Drone  
  13  0:15  Overlord  
  13  0:16  Drone  
  14  0:35  Drone x2  
  16  0:51  Drone  
  16  0:52  Hatchery  
  16  0:55  Drone  
  17  0:58  Drone  
  18  1:09  Drone, Extractor  
  18  1:18  Spawning Pool  
  17  1:20  Drone  
  18  1:32  Drone  
  19  1:41  Drone  
  20  1:52  Overlord  
  20  2:03  Drone  
  20  2:04  Drone  
  20  2:08  Queen x2  
  24  2:10  Metabolic Boost  
  24  2:13  Drone  
  27  2:16  Drone  
  28  2:24  Drone  
  28  2:25  Drone  
  30  2:37  Drone  
  30  2:38  Drone  
  32  2:46  Evolution Chamber  
  32  2:50  Zergling x4  
  33  2:57  Zergling x2  
  34  3:03  Drone  
  35  3:14  Baneling Nest  
  34  3:23  Roach Warren  
  33  3:28  Zergling x6  
  33  3:29  Overlord x2  
  33  3:30  Overlord x2  
  36  3:44  Hatchery  
  36  3:48  Zergling x8  
  36  3:49  Zergling x4  
  41  3:57  Zerg Ground Armor Level 1  
  41  4:00  Zergling x4  
  43  4:10  Baneling  
  42  4:18  Zergling x2  
  42  4:19  Zergling x2  
  43  4:26  Baneling x2  
  43  4:33  Zergling x12  
  31  5:24  Zergling x8  
  31  5:25  Zergling x14  
  40  5:35  Baneling  
  40  5:55  Drone x6  
  40  5:56  Drone  
  47  5:58  Baneling x2  
  47  5:59  Roach x2  
  47  6:03  Extractor  
  50  6:06  Extractor  
  50  6:08  Drone x3  
  51  6:22  Roach x2  
  55  6:31  Baneling, Roach x2  
  55  6:32  Roach x3  
  57  6:45  Drone  
  57  6:46  Drone x2  
  57  6:53  Baneling x3  
  57  6:54  Drone, Baneling  
  57  6:55  Drone  
  57  7:00  Roach  
  60  7:06  Drone x3  
  63  7:09  Extractor  
  63  7:12  Drone x2  
  63  7:13  Extractor  
  60  7:24  Drone x5  
  67  7:30  Roach  
  67  7:34  Drone x2  
  69  7:39  Drone  
  70  7:54  Roach x2  
  70  7:56  Overlord x4  
Tags
 
Add a new tag
Caveats
  • Supply blocks, unpowered buildings, or Contaminate may cause inaccurate times.
  • Supply counts are checked every 10 seconds.